Map: Dreamcatcher LE

Players

Skyairenex - Winner!

  • Race: Protoss Protoss
  • Spawn Location: 5:00

VOD

Have the link to the VOD?

Description

Time

  • Played on: Aug. 8, 2018, 9:17 a.m.
  • Length: 21:29
Show
View Real Time Build Order
Export as new Build Order

Skyairenex Protoss - Winner!

Build Orders:  

Get SALT Encoding   

  1  0:00  Probe (Chrono Boost)  
  13  0:10  Probe (Chrono Boost)  
  14  0:25  Pylon  
  14  0:32  Probe (Chrono Boost)  
  15  0:53  Probe (Chrono Boost), Gateway  
  16  1:07  Assimilator  
  17  1:10  Probe (Chrono Boost)  
  17  1:27  Probe (Chrono Boost)  
  18  1:44  Probe (Chrono Boost)  
  19  2:06  Nexus  
  20  2:10  Probe (Chrono Boost)  
  20  2:22  Cybernetics Core  
  20  2:27  Probe (Chrono Boost)  
  21  2:44  Probe (Chrono Boost)  
  22  2:51  Pylon  
  22  3:03  Probe (Chrono Boost)  
  22  3:04  Stalker  
  22  3:06  Assimilator  
  25  3:23  Probe (Chrono Boost)  
  26  3:38  Pylon  
  28  3:57  Probe (Chrono Boost)  
  28  3:58  Probe (Chrono Boost)  
  30  4:07  Robotics Facility  
  30  4:23  Probe (Chrono Boost)  
  30  4:24  Unknown  
  31  4:36  Probe (Chrono Boost)  
  32  4:40  Unknown  
  32  4:44  Warp Gate  
  33  4:51  Probe (Chrono Boost)  
  33  4:53  Assimilator, Probe (Chrono Boost)  
  34  5:02  Forge  
  34  5:04  Observer  
  34  5:08  Stalker  
  34  5:09  Gateway  
  37  5:20  Unknown, Protoss Ground Armor Level 1  
  37  5:29  Observer  
  38  5:44  Probe (Chrono Boost)  
  39  5:54  Probe (Chrono Boost)  
  39  5:55  Probe (Chrono Boost)  
  39  5:59  Assimilator  
  41  6:03  Immortal  
  41  6:07  Probe (Chrono Boost)  
  42  6:11  Probe (Chrono Boost)  
  42  6:14  Pylon  
  47  6:21  Probe (Chrono Boost)  
  47  6:23  Stalker  
  47  6:28  Probe (Chrono Boost)  
  51  6:41  Gateway  
  51  6:44  Gateway  
  51  6:47  Zealot  
  53  6:50  Pylon  
  53  7:00  Sentry  
  53  7:05  Probe (Chrono Boost)  
  53  7:06  Probe (Chrono Boost)  
  57  7:15  Immortal  
  57  7:22  Probe (Chrono Boost)  
  57  7:23  Probe (Chrono Boost)  
  57  7:25  Stalker  
  65  7:39  Probe (Chrono Boost)  
  67  7:40  Probe (Chrono Boost)  
  67  7:56  Probe (Chrono Boost)  
  67  7:57  Probe (Chrono Boost)  
  69  8:00  Pylon, Nexus  
  69  8:04  Sentry, Protoss Ground Weapons Level 1  
  70  8:21  Probe x2 (Chrono Boost)  
  70  8:27  Pylon  
  70  8:36  Twilight Council  
  70  8:38  Probe x2 (Chrono Boost), Pylon  
  72  8:40  Immortal  
  76  8:55  Robotics Bay  
  76  9:00  Sentry x2  
  76  9:06  Probe x2 (Chrono Boost)  
  82  9:13  Pylon  
  82  9:32  Probe (Chrono Boost)  
  82  9:33  Probe (Chrono Boost)  
  82  9:35  Warp Prism  
  86  9:49  Probe (Chrono Boost)  
  87  9:54  Zealot x2  
  87  9:55  Zealot x2  
  95  10:12  Probe (Chrono Boost)  
  95  10:13  Probe x2 (Chrono Boost)  
  98  10:22  Colossus  
  98  10:27  Assimilator  
  98  10:29  Probe (Chrono Boost)  
  107  10:30  Probe x2 (Chrono Boost)  
  107  10:31  Photon Cannon  
  107  10:33  Assimilator, Charge  
  107  10:38  Photon Cannon  
  107  10:40  Extended Thermal Lance  
  108  11:01  Probe (Chrono Boost)  
  108  11:06  Protoss Ground Armor Level 2  
  108  11:22  Zealot  
  108  11:23  Zealot x2  
  108  11:24  Zealot  
  116  11:40  Pylon  
  116  11:46  Gateway  
  116  11:47  Gateway  
  116  11:48  Gateway  
  116  11:51  Gateway  
  116  11:53  Pylon  
  116  11:54  Pylon  
  116  11:56  Pylon  
  116  11:58  Pylon  
  116  12:05  Colossus  
  116  12:07  Zealot  
  124  12:23  Zealot x3  
  130  12:34  Probe x3 (Chrono Boost)  
  136  12:51  Probe x3 (Chrono Boost)  
  136  13:06  Stalker x2  
  136  13:07  Stalker x2  
  136  13:08  Probe x3 (Chrono Boost)  
  147  13:14  Pylon  
  147  13:27  Forge  
  147  13:41  Pylon  
  147  13:43  Zealot  
  147  13:44  Zealot x3  
  147  13:45  Zealot x4  
  163  13:50  Disruptor  
  163  14:08  Pylon  
  166  14:11  Pylon  
  166  14:12  Protoss Ground Weapons Level 2  
  166  14:13  Pylon  
  166  14:14  Pylon  
  166  14:27  Protoss Ground Armor Level 3  
  166  14:32  Disruptor  
  160  14:57  Blink  
  161  15:05  Unknown  
  161  15:21  Disruptor  
  161  15:29  Zealot  
  163  15:30  Zealot x2  
  163  15:31  Zealot  
  172  15:58  Disruptor  
  172  17:10  Unknown  
  172  17:11  Unknown  
  172  17:13  Unknown  
  172  17:31  Unknown  
  172  17:32  Unknown  
  168  17:50  Unknown  
  168  17:57  Unknown  
  168  18:01  Unknown  
  168  18:11  Unknown  
  168  18:18  Unknown  
  168  18:25  Unknown  
  165  18:32  Unknown  
  165  18:57  Unknown  
  165  19:01  Unknown  
  165  19:09  Unknown  
  165  19:18  Unknown  
  163  19:46  Unknown  
  163  20:11  Unknown  
  163  20:16  Unknown  
  163  20:23  Unknown  
  163  20:32  Unknown  
  163  20:39  Unknown  
  163  20:46  Unknown  
  163  20:54  Unknown  
  163  20:59  Unknown  
Tags
 
Add a new tag
Caveats
  • Supply blocks, unpowered buildings, or Contaminate may cause inaccurate times.
  • Supply counts are checked every 10 seconds.